AoeStats
← HR nomadplayer

MegaRandom

506316049Analyzed
4v4 RM · 19d ago on Sep 13, 2026· 14m 31s· 8 players
Game mode
Random Map
Map size
Large (8 player)
Population
200
Speed
Normal
Resources
Standard
Victory
Conquest
Starting age
Dark Age
Ending age
Imperial Age
RankedLock teamsTeams togetherTeam positionsShared explorationLock speedFull tech treeHidden civsTurbo modeCheats
Victory
Defeat
🇲🇽 Vikings · Mexico
2073
+9
🇺🇸 Inca · United States
2035
+11
🇨🇦 Dravidians · Canada
1930
+15
🇩🇴 Malians · Dominican Republic
1867
+17
2009
-17
🇨🇱 Jurchens · Chile
1932
-14
🇨🇱 Poles · Chile
1879
-12
🇨🇱 Byzantines · Chile
1803
-9
[CL] el castigador
7:10 Loom
10:06 Feudal Age
11:05 Double-Bit Axe
13:36 Forging
13:31 Scale Barding Armor
13:37 Horse Collar
HR nomadplayer
7:26 Loom
10:03 Feudal Age
10:33 Double-Bit Axe
[CL] FelipeBesitosRicos
8:13 Loom
10:17 Feudal Age
11:00 Double-Bit Axe
14:25 Fletching
OS+ | NecksZy
4:57 Loom
6:46 Loom
9:16 Feudal Age
9:55 Double-Bit Axe
13:16 Fletching
14:04 Padded Archer Armor
URU ALBO
4:45 Loom
9:54 Feudal Age
8:50 Loom
10:31 Double-Bit Axe
12:28 Fishing Lines
13:37 Fletching
develement
6:38 Loom
9:18 Feudal Age
9:47 Double-Bit Axe
12:22 Fletching
OS+ | slam
10:25 Feudal Age
10:48 Loom
10:53 Double-Bit Axe
12:25 Fishing Lines
EnvyZ
7:29 Loom
9:43 Feudal Age
10:23 Double-Bit Axe
10:38 Fishing Lines
13:38 Scale Barding Armor
Connection lost

Rejoining the realm…

Still unreachable

The connection could not be restored.

Session expired

The server has moved on; the page needs a fresh start.